 Dungeon Crawl Stone Soup version 0.29.1 (webtiles) character file.

Game seed: 2694546339562012893

11643 funnyparkerb the Severer (level 11, 0/97 HPs)
             Began as a Minotaur Fighter on Sept 12, 2022.
             Was a High Priest of Okawaru.
             Killed from afar by an electric eel (8 damage)
             ... with a bolt of electricity
             ... on level 11 of the Dungeon.
             The game lasted 00:24:13 (14029 turns).

funnyparkerb the Severer (Minotaur Fighter)        Turns: 14029, Time: 00:24:14

Health: 0/97       AC: 13    Str: 21    XL:     11   Next: 52%
Magic:  14/14      EV: 12    Int:  5    God:    Okawaru [*****.]
Gold:   581        SH:  0    Dex: 20    Spells: 10/10 levels left

rFire   . . .      SeeInvis .   N - +2 battleaxe
rCold   . . .      Faith    +   (shield currently unavailable)
rNeg    . . .      Spirit   .   a - +0 chain mail
rPois   +          Reflect  .   (helmet restricted)
rElec   .          Harm     .   y - +0 cloak
rCorr   .          Rampage  .   q - +0 pair of gloves
Will    .....                   (no boots)
Stlth   ..........              D - amulet of faith
HPRegen 0.26/turn               c - +6 ring of dexterity
MPRegen 0.14/turn               F - ring of poison resistance

@: about to teleport
A: horns 2, retaliatory headbutt
a: Renounce Religion, Heroism, Finesse, Duel


You were on level 11 of the Dungeon.
You worshipped Okawaru.
Okawaru was extremely pleased with you.
You visited 3 branches of the dungeon, and saw 14 of its levels.

You collected 841 gold pieces.
You spent 260 gold pieces at shops.

Inventory:

Hand Weapons
 M - a +4 flail
 N - a +2 battleaxe (weapon)
Missiles
 P - 2 silver javelins (quivered)
Armour
 a - a +0 chain mail (worn)
 q - a +0 pair of gloves (worn)
 y - a +0 cloak (worn)
 I - a +2 kite shield
Jewellery
 c - a +6 ring of dexterity (left hand)
 f - a ring of protection from fire
 D - an amulet of faith (around neck)
 F - a ring of poison resistance (right hand)
Wands
 p - a wand of iceblast (4)
 C - a wand of flame (48)
 E - a wand of light (3)
 L - a wand of paralysis (4)
Scrolls
 e - 2 scrolls of silence {unknown}
 g - 3 scrolls of blinking {unknown}
 h - 11 scrolls of identify {unknown}
 j - 3 scrolls of amnesia
 l - 2 scrolls of enchant armour {unknown}
 m - 5 scrolls of teleportation
 n - a scroll of summoning
 o - 2 scrolls of poison {unknown}
 r - 2 scrolls of immolation {unknown}
 t - 5 scrolls of enchant weapon {unknown}
 u - a scroll of vulnerability {unknown}
 w - 2 scrolls of noise {unknown}
 J - a scroll of butterflies {unknown}
Potions
 d - a potion of berserk rage {unknown}
 i - 2 potions of mutation {unknown}
 k - 3 potions of curing
 s - 2 potions of heal wounds {unknown}
 v - a potion of might
 x - a potion of attraction {unknown}
 z - a potion of invisibility {unknown}
 A - 2 potions of haste {unknown}
 B - 2 potions of flight {unknown}
 G - a potion of cancellation {unknown}
 H - 2 potions of magic {unknown}
 K - a potion of resistance {unknown}
 O - 2 potions of brilliance {unknown}
 Q - a potion of degeneration {unknown}


   Skills:
 - Level 9.0 Fighting
 * Level 15.0 Axes
 + Level 7.9 Armour
 - Level 7.0 Dodging
 - Level 6.7 Shields
 + Level 5.9 Invocations


You had 10 spell levels left.
You didn't know any spells.
Your spell library contained the following spells:

 Spells                   Type           Power      Damage    Failure   Level
 Freeze                   Ice            0%         1d3       98%         1
 Sandblast                Erth           0%         2d4       98%         1
 Slow                     Hex            0%         N/A       98%         1
 Sting                    Tmut/Pois      0%         1d3       98%         1
 Passwall                 Tmut/Erth      0%         N/A       99%         2
 Poisonous Vapours        Pois/Air       0%         N/A       99%         2
 Confusing Touch          Hex            0%         N/A       100%        3
 Conjure Flame            Conj/Fire      0%         6-21      100%        3
 Dazzling Flash           Conj/Hex       0%         N/A       100%        3
 Frozen Ramparts          Ice            0%         1d1       100%        3
 Ignite Poison            Fire/Tmut/Pois 0%         N/A       100%        3
 Inner Flame              Hex/Fire       0%         N/A       100%        3
 Stone Arrow              Conj/Erth      0%         3d7       100%        3
 Vampiric Draining        Necr           0%         2d6       100%        3
 Cause Fear               Hex            0%         N/A       100%        4
 Hailstorm                Conj/Ice       0%         3d3       100%        4
 Iskenderun's Mystic Bla  Conj/Tloc      0%         2d3       100%        4
 Olgreb's Toxic Radiance  Pois           0%         N/A       100%        4
 Sticky Flame             Conj/Fire      0%         2d3       100%        4
 Starburst                Conj/Fire      0%         6d3       100%        6
 Discord                  Hex            0%         N/A       100%        8
 Animate Dead             Necr           Unusable   N/A       N/A         4
 Haunt                    Necr/Summ      Unusable   N/A       N/A         7
 Infestation              Necr           Unusable   N/A       N/A         8

Dungeon Overview and Level Annotations

Branches:
Dungeon (12/15)            Temple (1/1) D:6             Orc (1/2) D:10
   Lair: D:8-11

Altars:
Ashenzari
Cheibriados
Dithmenos
Elyvilon
Fedhas
Gozag
Hepliaklqana
Nemelex Xobeh
Okawaru
Qazlal
Ru
Trog
Vehumet
Wu Jian
Yredelemnul
Zin
The Shining One

Shops:
D:7 =   D:9 =

Annotations:
D:11 2 transporters


Innate Abilities, Weirdness & Mutations

You have a pair of horns on your head.
You reflexively headbutt those who attack you in melee.


Message History

The bolt of electricity hits you!
The electric eel shoots out a bolt of lightning at you!
The bolt of electricity hits the electric eel.
The electric eel completely resists.
The bolt of electricity hits you!
The electric eel shoots out a bolt of lightning at you!
The bolt of electricity hits you!
Okay, then.
The electric eel shoots out a bolt of lightning at you!
The bolt of electricity hits you!
* * * LOW HITPOINT WARNING * * *
Okay, then.
As you read the scroll labelled GOIKAE TORARE, it crumbles to dust.
Wisps of shadow whirl around you...
The shadows disperse without effect.
It was a scroll of summoning.
The electric eel shoots out a bolt of lightning at you!
The bolt of electricity hits you!
* * * LOW HITPOINT WARNING * * *
It was a potion of curing.
You feel better.
As you read the scroll labelled UCKIBIE OZAKU, it crumbles to dust.
It is a scroll of amnesia.
You feel forgetful for a moment.
The electric eel shoots out a bolt of lightning at you!
The bolt of electricity misses you.
The electric eel shoots out a bolt of lightning at you!
The bolt of electricity hits you.
* * * LOW HITPOINT WARNING * * *
As you read the scroll labelled YDIMUY QICUNKI, it crumbles to dust.
You feel strangely unstable.
It was a scroll of teleportation.
The electric eel shoots out a bolt of lightning at you!
The bolt of electricity hits you!
* * * LOW HITPOINT WARNING * * *
Okay, then.
Okay, then.
The electric eel shoots out a bolt of lightning at you!
The bolt of electricity hits you!
* * * LOW HITPOINT WARNING * * *
You feel better.
The electric eel shoots out a bolt of lightning at you!
The bolt of electricity hits you!
You die...

≈≈≈~ #~≈≈≈≈~..
##≈≈≈≈~~.?.
...~≈~≈.....~
...~~~~~..≈~≈
######..~~.≈~.~~≈~
#......S..~~~.~≈~≈
#@.......~≈≈~.~~~≈
#......~~~≈≈≈.~.~≈
######...~~~~.~.~≈
#......≈...~~.~.≈.
#.................
#.####............
#.# ########.....
#.###########.....
#.................


You could see an electric eel.

Vanquished Creatures
  2 two-headed ogres
  Amaemon (D:9)
  A deep troll (D:9)
  A deep elf pyromancer (D:12)
  An orange demon (D:9)
  2 kobold demonologists (D:11)
  Prince Ribbit (D:8)
  6 trolls
  13 yaks
  A wyvern (D:8)
  A wraith (D:9)
  Eustachio (D:6)
  2 wargs (D:10)
  Edmund (D:5)
  2 black bears
  An ice beast (D:6)
  3 orc warriors
  3 ogres
  A wolf (D:11)
  3 centaurs
  Blork the orc (D:6)
  2 kobold brigands
  2 necrophages
  A bullfrog (D:8)
  2 gnoll sergeants
  2 scorpions (D:6)
  12 wights
  4 howler monkeys
  10 hounds
  A jelly (D:6)
  A gnoll bouda (D:9)
  10 orc priests
  2 iguanas (D:6)
  11 orc wizards
  Robin (D:4)
  21 gnolls
  12 adders
  2 white imps
  5 ufetubi
  2 worms
  A dart slug (D:4)
  34 orcs
  5 ball pythons
  9 endoplasms
  A giant cockroach (D:3)
  21 goblins
  7 hobgoblins
  12 jackals
  14 kobolds
  4 quokkas
  5 bats
  7 frilled lizards
  3 rats
274 creatures vanquished.

Vanquished Creatures (others)
  An orc wizard (D:8)
  2 plants (D:3)
3 creatures vanquished.

Grand Total: 277 creatures vanquished

Notes
Turn   | Place    | Note
-------+----------+-------------------------------------------
     0 | D:1      | funnyparkerb the Minotaur Fighter began the quest for the
                  | Orb.
     0 | D:1      | Reached XP level 1. HP: 19/19 MP: 0/0
   221 | D:1      | Reached skill level 3 in Axes
   227 | D:1      | Reached XP level 2. HP: 26/26 MP: 1/1
   641 | D:1      | Reached skill level 4 in Axes
  1136 | D:2      | Reached XP level 3. HP: 28/31 MP: 2/2
  1506 | D:2      | Reached skill level 5 in Axes
  1678 | D:2      | Reached XP level 4. HP: 36/39 MP: 3/3
  2172 | D:3      | Reached skill level 6 in Axes
  2455 | D:3      | Identified the +3 dagger "Vafruddu" {freeze, rN+ Int+5}
  2458 | D:3      | Reached XP level 5. HP: 45/45 MP: 4/4
  3146 | D:4      | Noticed Robin
  3303 | D:4      | Killed Robin
  3304 | D:4      | Reached skill level 7 in Axes
  3428 | D:4      | Reached XP level 6. HP: 36/51 MP: 5/5
  3573 | D:4      | Reached skill level 8 in Axes
  3725 | D:4      | Found a radiant altar of Vehumet.
  3729 | D:4      | Reached skill level 1 in Dodging
  4156 | D:5      | Entered Level 5 of the Dungeon
  4610 | D:5      | Noticed Edmund
  4623 | D:5      | Killed Edmund
  4624 | D:5      | Reached XP level 7. HP: 19/60 MP: 6/6
  5133 | D:5      | Reached skill level 5 in Fighting
  5133 | D:5      | Reached skill level 5 in Armour
  5568 | D:6      | Reached XP level 8. HP: 38/70 MP: 7/7
  5948 | D:6      | Found a staircase to the Ecumenical Temple.
  5969 | Temple   | Entered the Ecumenical Temple
  6002 | Temple   | Became a worshipper of Warmaster Okawaru
  6218 | D:6      | Found an opulent altar of Gozag.
  6231 | D:6      | Reached skill level 9 in Axes
  6244 | D:6      | Noticed Eustachio
  6269 | D:6      | Killed Eustachio
  6410 | D:6      | Found a broken altar of Ashenzari.
  6417 | D:6      | Noticed Blork the orc
  6428 | D:6      | Killed Blork the orc
  6542 | D:6      | Reached * piety under Okawaru
  6546 | D:6      | Reached skill level 1 in Invocations
  6856 | D:7      | Found Syfimike's Jewellery Shoppe.
  6865 | D:6      | Found a shadowy altar of Dithmenos.
  6865 | D:6      | Found a sparkling altar of Nemelex Xobeh.
  6865 | D:6      | Found a hazy altar of Hepliaklqana.
  6865 | D:6      | Found a basalt altar of Yredelemnul.
  6891 | D:7      | Bought a ring of poison resistance for 260 gold pieces
  7164 | D:6      | Reached skill level 10 in Axes
  7491 | D:7      | Reached ** piety under Okawaru
  7492 | D:7      | Reached XP level 9. HP: 65/79 MP: 9/9
  7915 | D:7      | Reached skill level 11 in Axes
  9263 | D:8      | Reached skill level 5 in Shields
  9400 | D:8      | Noticed Prince Ribbit
  9414 | D:8      | Killed Prince Ribbit
  9415 | D:8      | Reached skill level 12 in Axes
  9673 | D:9      | Reached *** piety under Okawaru
  9929 | D:9      | Noticed a two-headed ogre
 10247 | D:9      | Noticed Amaemon
 10389 | D:9      | Killed Amaemon
 10389 | D:9      | Reached **** piety under Okawaru
 10390 | D:9      | Reached XP level 10. HP: 77/90 MP: 10/10
 10400 | D:9      | Noticed an orange demon
 10409 | D:9      | Killed an orange demon
 10615 | D:9      | Found Vahe's Jewellery Emporium.
 10694 | D:9      | Noticed a deep troll
 10706 | D:9      | Reached skill level 13 in Axes
 10723 | D:9      | Reached ***** piety under Okawaru
 10728 | D:9      | Killed a deep troll
 10929 | D:9      | Reached skill level 5 in Dodging
 10935 | D:9      | Killed a two-headed ogre
 11493 | D:10     | Entered Level 10 of the Dungeon
 11579 | D:10     | Found a bloodstained altar of Trog.
 11912 | D:10     | Noticed a two-headed ogre
 11918 | D:10     | Killed a two-headed ogre
 11918 | D:10     | Received a gift from Okawaru
 11919 | D:10     | Reached skill level 14 in Axes
 11919 | D:10     | Reached skill level 5 in Invocations
 11919 | D:10     | Reached XP level 11. HP: 69/97 MP: 5/13
 12101 | D:10     | Found a staircase to the Orcish Mines.
 12824 | Orc:1    | Entered Level 1 of the Orcish Mines
 12943 | Orc:1    | Noticed an orc sorcerer
 12943 | Orc:1    | Paralysed by an orc sorcerer for 4 turns
 13306 | D:11     | Noticed a wizard
 13307 | D:11     | Noticed a sphinx
 13308 | D:11     | Noticed an ettin
 13309 | D:11     | Found a transporter.
 13312 | D:11     | Found a transporter.
 13317 | D:11     | Noticed a death knight
 13425 | D:11     | Received a gift from Okawaru
 13553 | D:11     | Identified the ring "Huome" {rF- rN+ EV+4 Str+2 Int+3}
 13807 | D:12     | Noticed a deep elf pyromancer
 13811 | D:12     | Killed a deep elf pyromancer
 13859 | D:11     | Reached skill level 15 in Axes
 14028 | D:11     | HP: 2/97 [electric eel/bolt of electricity (10)]
 14029 | D:11     | Killed from afar by an electric eel

Illustrated notes

Levels and vault maps discovered:
D:1:      dpeg_arrival_castle, layout_basic, columned_hall_lemuel
D:2:      minmay_spotlight, layout_basic
D:3:      layout_loops_ring, skrybe_limestone_x, guppyfry_early_lair_pool
D:4:      layout_basic, vehumet_altar_wand_db, minmay_crossroads, uniq_robin
D:5:      layout_basic, kennysheep_generic_room_3, uniq_edmund
D:6:      layout_rooms, lemuel_doored_altar, nicolae_overflow_hidden_temple,
          minmay_temple_entry_waves, kennysheep_small_circle, uniq_eustachio,
          uniq_blork_the_orc
D:7:      layout_layer_cave, serial_shops, nicolae_stop_n_shop_1
D:8:      layout_loops_ring, uniq_prince_ribbit1
D:9:      lemuel_troll_bridge, layout_loops_ring, serial_shops,
          nicolae_shop_stone, uniq_amaemon
D:10:     layout_stronghold, mainiacjoe_overflow_small_starburst, erik_orc_4
D:11:     gammafunk_sealed_arena, layout_long_grid, erik_lair_island
D:12:     layout_basic
Temple:   nicolae_temple_great_sept
Orc:1:    layout_diamond_mine, kennysheep_orc_sif_temple

Skill      XL: |  1  2  3  4  5  6  7  8  9 10 11 |
---------------+----------------------------------+-----
Axes           | 3 4 5 6 7 8 10 12 14 15 | 15.0
Dodging        | 2 3 6 7 |  7.0
Fighting       | 4 5 7 8 9 |  9.0
Armour         | 4 5 7 |  7.9
Invocations    | 2 5 |  5.9
Shields        | 6 |  6.7

Action                   |  1- 3 |  4- 6 |  7- 9 | 10-12 || total
-------------------------+-------+-------+-------+-------++-------
Melee: War axe           |    84 |   137 |   232 |       ||   453
       Headbutt          |     7 |    21 |    53 |    55 ||   136
       Battleaxe         |       |       |    35 |   198 ||   233
Throw: Throwing net      |       |     2 |       |     2 ||     4
Invok: Heroism           |       |       |     2 |     6 ||     8
       Finesse           |       |       |       |     3 ||     3
Evoke: Wand              |       |       |    23 |     3 ||    26
  Use: Potion            |       |     1 |     1 |     2 ||     4
       Scroll            |       |       |       |     3 ||     3
 Stab: Held in net/web   |       |     1 |       |       ||     1
       Paralysed         |       |       |     6 |       ||     6
       Invisible         |       |       |       |     3 ||     3
Armor: Scale mail        |    43 |    82 |   116 |    41 ||   282
       Chain mail        |       |       |       |    21 ||    21
Dodge: Dodged            |    47 |    73 |   135 |   137 ||   392
Block: Buckler           |    17 |    32 |    37 |       ||    86
       Kite shield       |       |       |    60 |       ||    60
